AoeStats
← davud

QS Arena

503664579Analyzed
1v1 RM · 1mo ago on Sep 1, 2026· 59m 2s· 2 players
Game mode
Random Map
Map size
Tiny (2 player)
Population
200
Speed
Normal
Resources
Standard
Victory
Conquest
Starting age
Dark Age
Ending age
Imperial Age
RankedLock teamsTeams togetherTeam positionsShared explorationLock speedFull tech treeHidden civsTurbo modeCheats
Victory
Defeat
🇨🇿 Spanish · Czechia
875
+17
🇨🇿 Teutons · Czechia
893
-17
davud
9:38 Feudal Age
13:42 Castle Age
11:58 Double-Bit Axe
12:45 Loom
14:35 Bow Saw
18:55 Padded Archer Armor
25:06 Fletching
32:24 Imperial Age
30:47 Horse Collar
33:41 Gold Mining
38:36 Husbandry
37:56 Cavalier
39:04 Scale Barding Armor
39:00 Scale Mail Armor
42:05 Heavy Plow
42:32 Stone Mining
46:02 Leather Archer Armor
45:42 Bodkin Arrow
46:03 Chain Mail Armor
46:08 Chain Barding Armor
45:29 Elite Conquistador
46:44 Siphons
47:00 Ballistics
51:36 Paladin
55:33 Wheelbarrow
54:44 Town Watch
56:05 Leather Archer Armor
58:04 Ring Archer Armor
57:29 Bodkin Arrow
57:50 Chain Mail Armor
57:55 Chain Barding Armor
merkap
9:40 Feudal Age
7:55 Loom
10:10 Double-Bit Axe
10:15 Horse Collar
16:14 Castle Age
17:18 Elite Skirmisher
18:33 Stone Mining
23:26 Fletching
27:40 Imperial Age
38:58 Scale Barding Armor
39:09 Bloodlines
40:44 Chain Barding Armor
40:34 Forging
40:30 Pikeman
44:40 Town Watch
47:24 Wheelbarrow
51:26 Crenellations
52:22 Bow Saw
53:46 Iron Casting
53:09 Bodkin Arrow
55:50 Chemistry
54:17 Cavalier
55:35 Arson
57:56 Halberdier
Connection lost

Rejoining the realm…

Still unreachable

The connection could not be restored.

Session expired

The server has moved on; the page needs a fresh start.